AoeStats
← MatCool

Arena

509653733Analyzed
1v1 RM · 4d ago on Sep 27, 2026· 47m 41s· 2 players
Game mode
Random Map
Map size
Tiny (2 player)
Population
200
Speed
Normal
Resources
Standard
Victory
Conquest
Starting age
Dark Age
Ending age
Imperial Age
RankedLock teamsTeams togetherTeam positionsShared explorationLock speedFull tech treeHidden civsTurbo modeCheats
Victory
Defeat
🇪🇸 Bohemians · Spain
793
+15
🇵🇾 Inca · Paraguay
782
-15
MatCool
6:58 Loom
9:29 Feudal Age
9:57 Double-Bit Axe
9:55 Horse Collar
12:32 Wheelbarrow
15:27 Loom
18:02 Castle Age
16:14 Stone Mining
17:46 Gold Mining
17:50 Arson
20:19 Bow Saw
21:45 Forging
22:36 Heavy Plow
30:04 Hand Cart
33:12 Gold Shaft Mining
33:14 Stone Shaft Mining
40:15 Imperial Age
37:33 Town Watch
40:14 Town Patrol
41:38 Iron Casting
43:15 Squires
45:02 Crop Rotation
44:15 Elite Kamayuk
46:55 Blast Furnace
45:57 Scale Mail Armor
46:39 Scale Mail Armor
47:47 Chain Mail Armor
PacoGPT
3:15 Loom
9:26 Feudal Age
10:04 Double-Bit Axe
10:01 Horse Collar
15:27 Wheelbarrow
14:39 Town Watch
18:58 Castle Age
20:06 Bow Saw
19:58 Heavy Plow
25:47 Hand Cart
27:55 Fletching
31:18 Imperial Age
30:09 Murder Holes
31:15 Chemistry
32:34 Ballistics
38:28 Two-Man Saw
37:11 Houfnice
38:28 Town Watch
42:10 Elite Hussite Wagon
Connection lost

Rejoining the realm…

Still unreachable

The connection could not be restored.

Session expired

The server has moved on; the page needs a fresh start.